 Dungeon Crawl Stone Soup version 0.18.1-8-gdd0e5ea (webtiles) character file.

13 jacquesderrida the Charmwright (level 2, 3/22 HPs)
             Began as a Demonspawn Skald on May 28, 2016.
             Quit the game on level 1 of the Dungeon.
             The game lasted 00:00:28 (179 turns).

jacquesderrida the Charmwright (Demonspawn Skald)    Turns: 179, Time: 00:00:29

Health: 3/22       AC:  2    Str: 12    XL:     2   Next: 24%
Magic:  5/5        EV: 11    Int: 13    God:
Gold:   0          SH:  0    Dex: 12    Spells: 1 memorised, 4 levels left

rFire  . . .     SeeInvis .     a - +0 spear
rCold  . . .     Gourm    .     b - +0 leather armour
rNeg   . . .     Faith    .     (no shield)
rPois  .         Spirit   .     (helmet restricted)
rElec  .         Dismiss  .     (no cloak)
rCorr  .         Reflect  .     (no gloves)
SustAt .         Harm     .     (no boots)
MR     +....                    (no amulet)
Stlth  +.........               (no ring)
                                (no ring)

@: very slightly contaminated, hasted, very quick, somewhat resistant to hostile
enchantments, very unstealthy
A: antennae 1, deformed body, magic resistance 1, shaggy fur 1
a: no special abilities


You were on level 1 of the Dungeon.
You were not hungry.

You visited 1 branch of the dungeon, and saw 1 of its levels.

Inventory:

Hand Weapons
 a - a +0 spear (weapon)
Armour
 b - a +0 leather armour (worn)
Potions
 e - a potion of mutation
 g - a potion of haste
Books
 c - a book of Battle

   Spells                             Type                      Level
   a - Infusion                       Charms                       1
   b - Shroud of Golubria             Charms/Translocation         2
   c - Song of Slaying                Charms                       2
   d - Spectral Weapon                Hexes/Charms                 3
   e - Regeneration                   Charms/Necromancy            3
Comestibles
 d - a bread ration


   Skills:
 + Level 2.1 Fighting
 + Level 2.0 Polearms
 + Level 0.8 Armour
 + Level 1.0 Dodging
 + Level 2.0 Spellcasting
 + Level 3.0 Charms


You had 4 spell levels left.
You knew the following spells:

 Your Spells              Type           Power        Failure   Level  Hunger
a - Infusion              Chrm           #...         12%         1    ##.....


Dungeon Overview and Level Annotations

Branches:
Dungeon (1/15)

Altars:


Innate Abilities, Weirdness & Mutations

You have a pair of small antennae on your head.
Armour fits poorly on your strangely shaped body.
You are resistant to hostile enchantments.
You are covered in fur (AC +1).


Message History

You hit the ooze.
The ooze is almost dead.
The ooze hits you.
* * * LOW HITPOINT WARNING * * *
You are too injured to fight recklessly!
You are too injured to fight recklessly!
You are too injured to fight recklessly!
You are too injured to fight recklessly!
You are too injured to fight recklessly!
You barely miss the ooze.
The ooze is almost dead.
The ooze hits you.
* * * LOW HITPOINT WARNING * * *
You hit the ooze.
You kill the ooze!
Your Charms skill increases to level 3!
You have reached level 2!
Your demonic ancestry asserts itself...
A pair of antennae grows on your head!
Are you sure you want to abandon this character and quit the game? (Confirm with "yes".)

# ...#####?...
##.###.......... .
.......#...# #.
#...#.....#
#.#.##.....#.#.#
#.#............#
###>###..........#..
......#..#.##.#......
#......#.@)......##
###.#.#####.##.....
#.....)...........
#...##############
#...# ##.## #.# #.#
#.#


There were no monsters in sight!

Vanquished Creatures
  An ooze (D:1)
  A bat (D:1)
  A hobgoblin (D:1)
  3 giant newts (D:1)
  3 kobolds (D:1)
9 creatures vanquished.

Notes
Turn   | Place    | Note
--------------------------------------------------------------
     0 | D:1      | jacquesderrida the Demonspawn Skald began the quest for the Orb.
     0 | D:1      | Reached XP level 1. HP: 16/16 MP: 3/3
   111 | D:1      | Gained mutation: You are covered in fur (AC +1). [potion of mutation]
   111 | D:1      | Gained mutation: You are resistant to hostile enchantments. [potion of mutation]
   111 | D:1      | Gained mutation: Armour fits poorly on your strangely shaped body. [potion of mutation]
   112 | D:1      | Reached skill level 1 in Dodging
   178 | D:1      | Reached skill level 3 in Charms
   178 | D:1      | Gained mutation: You have a pair of small antennae on your head. [demonic ancestry]
   178 | D:1      | Reached XP level 2. HP: 3/22 MP: 5/5
   179 | D:1      | Quit the game

Skill      XL: |  1 |
---------------+----+-----
Polearms       | 2 |  2.0
Dodging        | 1 |  1.0
Charms         | 3 |  3.0
Fighting       | |  2.1
Armour         | |  0.8
Spellcasting   | |  2.0

Action                   || total
-------------------------++-------
Melee: Spear             ||    45
 Cast: Infusion          ||     1
  Use: Potion            ||     3
Armor: Leather armour    ||     6
Dodge: Dodged            ||    20
